Cogmind - Beta 17 @@@ ROGUE MODE // 2026.08.17 @ 20:46:06 Player: 4R-ZE3 Result: Destroyed by P-70 Sage with Tesla Rifle Performance ------------- Evolutions (5) 2500 Regions Visited (18) 3600 Robots Destroyed (145) 725 Value Destroyed (5748) 5748 Prototype IDs (21) 420 Alien Tech Used (1) 200 Bonus (607) 607 TOTAL SCORE: 13800 Bonus ------- Follower Combat Kills 32 Met Data Miner 300 Met Imprinter 300 Friendly Fire -25 Cogmind --------- Core Integrity 0/1000 Matter 281/300 Energy 99/100 System Corruption 2% Temperature Cool (0) Movement Core (50) Location -5/Factory Parts ------- > --- POWER (2) -------- (None) > --- PROPULSION (4) --- (None) > --- UTILITY (10) ----- Improved Signal Interpreter > --- WEAPON (2) ------- (None) > --- INVENTORY (5) ---- Huge Storage Unit Experimental Sensor Array Improved EM Pulse Cannon Improved Plasma Cutter DRS Beacon (Ready) Peak State ------------ > --- POWER ------------ Cold Fusion Reactor Neutrino Core > --- PROPULSION ------- Medium Treads Improved Medium Treads Wheel Wheel > --- UTILITY ---------- Improved Cooling System Advanced Cooling System Huge Storage Unit Experimental Sensor Array Advanced Signal Interpreter Particle Charger Makeshift Light Armor Plating Medium Reactive Plating Experimental Hacking Suite Improved System Shield > --- WEAPON ----------- Advanced Plasma Cannon Advanced Plasma Cannon > --- INVENTORY -------- Angular Momentum Engine Fission Core Light Fission Core Neutrino Core Neutrino Core Light Antimatter Reactor Trap Scanner Experimental Sensor Array Improved Signal Interpreter Advanced Terrain Scanner 0b10 Decoder Chip [Scout] Transmission Jammer Makeshift ECM Suite Improved Medium Armor Plating Improved Medium Armor Plating Improved Thermal Shield Authchip [Propulsion] Improved EM Pulse Cannon Improved EM Pulse Cannon Long-range Proton Cannon Heavy Particle Cannon Plasma Cannon Heavy Ion Cannon Grenade Launcher DRS Beacon [Rating: 95] Favorites ----------- Power Improved Deuterium Engine Engine Improved Deuterium Engine Power Core Light Fission Core Reactor Cold Fusion Reactor Propulsion Armored Huge Wheel Treads Light Treads Wheel Armored Huge Wheel Utility High-capacity Storage Unit Device Experimental Sensor Array Storage High-capacity Storage Unit Processor Advanced Targeting Computer Hackware Experimental Hacking Suite Protection Heavy Armor Plating Weapon Advanced Plasma Cannon Energy Gun Small Laser Energy Cannon Advanced Plasma Cannon Ballistic Gun Light Assault Rifle Launcher Grenade Launcher Special Weapon RU-N14's Throwing Claymores Build | -11 -10 -10 -9 -9 -9 -8 -8 -7 -7 -7 -7 -6 -6 -6 -6 -6 -5 -5 ------- Run | Yrd Mat Min Mat Min Exi Min Mat Fac Low Low Zio Pro Fac Low Low Dat Pro Fac Slots Evolved 10 | . . . 2 . . . 2 2 . . . . 2 . . . . 2 Power . | . . . . . . . . . . . . . . . . . . . Propulsion 2 | . . . . . . . . . . . . . . . . . . 2 Utility 8 | . . . 2 . . . 2 2 . . . . 2 . . . . . Weapon . | . . . . . . . . . . . . . . . . . . . Parts Attached 124 | 6 3 7 8 . . 7 16 26 3 . 6 3 12 4 1 . 5 17 Power 23 | 1 1 1 1 . . 2 2 5 . . 1 . 4 . 1 . . 4 Engine 13 | 1 1 1 1 . . 2 1 4 . . . . 1 . 1 . . . Core 8 | . . . . . . . 1 1 . . 1 . 2 . . . . 3 Reactor 2 | . . . . . . . . . . . . . 1 . . . . 1 Propulsion 22 | 2 . 3 1 . . 2 2 4 . . . . . . . . 2 6 Treads 14 | 2 . 1 1 . . 2 2 2 . . . . . . . . . 4 Leg . | . . . . . . . . . . . . . . . . . . . Wheel 8 | . . 2 . . . . . 2 . . . . . . . . 2 2 Hover . | . . . . . . . . . . . . . . . . . . . Flight . | . . . . . . . . . . . . . . . . . . . Utility 50 | 1 2 2 4 . . 2 6 11 2 . 4 . 6 4 . . 3 3 Device 18 | . 1 2 1 . . 2 2 4 1 . . . . 3 . . 2 . Storage 3 | 1 1 . . . . . . . . . . . 1 . . . . . Processor 9 | . . . . . . . . 3 . . 4 . . . . . . 2 Hackware 6 | . . . 1 . . . . 2 . . . . 3 . . . . . Protection 14 | . . . 2 . . . 4 2 1 . . . 2 1 . . 1 1 Artifact . | . . . . . . . . . . . . . . . . . . . Weapon 29 | 2 . 1 2 . . 1 6 6 1 . 1 3 2 . . . . 4 Energy Gun 3 | 1 . 1 . . . . 1 . . . . . . . . . . . Energy Cannon 15 | . . . 2 . . . 1 4 1 . . 1 2 . . . . 4 Ballistic Gun 7 | 1 . . . . . . 4 2 . . . . . . . . . . Ballistic Cannon . | . . . . . . . . . . . . . . . . . . . Launcher 2 | . . . . . . 1 . . . . . 1 . . . . . . Special Weapon 2 | . . . . . . . . . . . 1 1 . . . . . . Impact Weapon . | . . . . . . . . . . . . . . . . . . . Slashing Weapon . | . . . . . . . . . . . . . . . . . . . Piercing Weapon . | . . . . . . . . . . . . . . . . . . . Special Melee Weapon . | . . . . . . . . . . . . . . . . . . . Unidentified Prototypes 11 | . . 1 1 . . . 2 . 1 . 4 . 2 . . . . . Parts Lost 63 | . 1 6 1 . . 4 7 9 . . . . 2 . . . 3 30 Power 12 | . 1 1 . . . 1 1 1 . . . . 1 . . . . 6 Propulsion 21 | . . 3 . . . 2 2 5 . . . . . . . . 1 8 Utility 18 | . . 1 1 . . 1 2 1 . . . . 1 . . . 2 9 Weapon 12 | . . 1 . . . . 2 2 . . . . . . . . . 7 Highest Loss Streak 20 | . 1 3 1 . . 2 6 4 . . . . 1 . . . 1 20 To Critical Strikes 4 | . . . . . . . 2 . . . . . . . . . 1 1 Average Backups 18 | 2 6 8 18 19 20 18 17 18 17 18 18 18 19 23 24 24 21 20 Power 2 | . 1 . 1 2 3 2 2 1 2 2 2 2 1 3 3 3 3 4 Propulsion 2 | 1 2 2 4 6 6 5 2 3 1 1 1 1 1 1 1 2 . . Utility 7 | . 1 2 4 5 5 4 5 7 7 8 8 9 11 12 12 12 10 9 Weapon 5 | . 2 2 6 6 6 6 6 6 6 7 7 6 5 6 7 7 7 6 Tool/Special . | . . . . . . . . . . . . . . . . . . . Unused Backups 26 | . . . 4 . . . 4 6 . . . . 3 2 2 . . 5 Power 4 | . . . . . . . 1 1 . . . . 1 . 1 . . . Propulsion 2 | . . . 2 . . . . . . . . . . . . . . . Utility 12 | . . . . . . . . 3 . . . . 2 2 1 . . 4 Weapon 6 | . . . 2 . . . 2 2 . . . . . . . . . . Tool/Special 2 | . . . . . . . 1 . . . . . . . . . . 1 Average Slot Usage (%) 92 | . 96 97 98 99 100 98 92 96 83 85 83 85 86 90 93 93 97 90 Engine 7 | . 13 14 11 11 11 10 5 2 7 14 12 7 6 6 6 6 6 . Core 1 | . . . . . . . 3 4 . . 1 7 3 . . . . 2 Reactor 1 | . . . . . . . . . . . . . 1 6 6 6 6 5 Treads 8 | . 28 12 18 22 22 21 17 12 . . . . . . . . . 9 Wheel 5 | . . 14 3 . . . . 1 7 7 7 7 6 6 6 6 9 9 Device 16 | . 10 12 11 11 11 14 18 18 14 14 14 14 17 22 24 18 24 18 Storage 8 | . 14 14 11 11 11 11 9 7 7 7 7 7 6 6 6 6 6 4 Processor 8 | . . . . . . . . 15 22 21 18 14 12 12 12 12 6 5 Hackware 7 | . . . 9 11 11 11 9 10 . . . . 11 12 12 12 12 10 Protection 7 | . . . 10 10 11 6 11 5 7 7 8 14 6 5 6 12 12 10 Energy Gun 1 | . 14 14 . . . . 2 . . . . . . . . . . . Energy Cannon 12 | . . . 21 22 22 22 4 14 14 13 12 13 12 11 11 12 11 9 Ballistic Gun 2 | . 14 14 . . . . 10 . . . . . . . . . . . Peak Build Rating 95 | 6 8 16 26 26 26 31 40 56 59 60 66 67 84 88 88 84 89 95 Average Rating 53 | 4 7 9 24 25 26 27 35 44 54 59 60 63 78 86 87 84 83 85 On Entrance 45 | . 6 8 12 25 26 26 31 40 50 54 60 58 57 79 83 79 84 84 Avg Prop Armor Cover (%) 11 | . . 14 10 . . . . 11 . . . . . . . . . 8 Naked Turns 2 | . . . . . . . . . . . . . . . . . . 2 Heaviest Build 156 | 12 48 50 67 63 63 63 64 80 97 95 112 114 145 139 137 140 156 156 Greatest Support 53 | 40 40 40 42 42 42 44 44 42 28 28 28 28 28 28 28 28 28 53 Greatest Overweight (x) 15 | 1 1 4 6 1 1 1 1 7 3 3 3 4 5 4 4 4 15 12 Average Overweight (x) 3 | . . 3 2 1 1 1 1 1 2 3 2 3 3 4 4 4 6 6 Largest Inventory Capacity 25 | 8 20 20 20 20 20 20 20 20 20 20 20 20 25 25 25 25 25 25 Average Capacity 20 | 6 11 20 20 20 20 20 20 20 20 20 20 20 20 25 25 25 25 24 Most Carried 25 | 3 8 10 20 20 20 20 20 20 20 20 20 20 20 25 25 25 25 25 Average Carried 18 | 2 6 8 18 19 20 18 17 19 18 19 19 19 19 23 24 25 22 21 Final Capacity 25 | 8 20 20 20 20 20 20 20 20 20 20 20 20 25 25 25 25 25 5 Final Carried 25 | 3 8 9 19 20 20 18 20 18 19 20 20 19 20 25 25 25 23 5 Class Distribution -------------------- 52% | Mutant 32% | Hacker-Mutant 6% | Hacker-Skirmisher 6% | Scavenger-Mutant Dominant Class ---------------- Mutant | -10/Materials Mutant | -10/Mines Mutant | -9/Materials Mutant | -9/Mines Mutant | -9/Exiles Mutant | -8/Mines Scavenger-Mutant | -8/Materials Hacker-Mutant | -7/Factory Mutant | -7/Lower Caves Mutant | -7/Lower Caves Mutant | -7/Zion Mutant | -6/Proximity Caves Hacker-Skirmisher | -6/Factory Hacker-Mutant | -6/Lower Caves Hacker-Mutant | -6/Lower Caves Hacker-Mutant | -6/Data Miner Hacker-Mutant | -5/Proximity Caves Hacker-Mutant | -5/Factory Resources | -11 -10 -10 -9 -9 -9 -8 -8 -7 -7 -7 -7 -6 -6 -6 -6 -6 -5 -5 ----------- Run | Yrd Mat Min Mat Min Exi Min Mat Fac Low Low Zio Pro Fac Low Low Dat Pro Fac Matter Collected 2815 | 149 151 112 90 10 . 95 354 330 66 137 138 280 248 214 45 . 200 196 Remotely . | . . . . . . . . . . . . . . . . . . . Salvage Created 6398 | . 373 105 733 104 . 386 776 971 21 68 . 313 747 140 54 . 657 950 Parts 298 | . 23 3 49 5 . 22 41 35 1 . . 8 34 7 1 . 19 50 Haulers Intercepted . | . . . . . . . . . . . . . . . . . . . Recyclers Shooed 1 | . . . . . . . . . . . . . 1 . . . . . Parts Field Recycled . | . . . . . . . . . . . . . . . . . . . Retrieved Matter . | . . . . . . . . . . . . . . . . . . . Parts Self-Destructed 28 | . . . . . . . . . 2 . . 6 . 3 1 . 16 . Prevented 8 | . . . . . . . . . 1 . . 4 . . 3 . . . Parts Restored . | . . . . . . . . . . . . . . . . . . . Kills | -11 -10 -10 -9 -9 -9 -8 -8 -7 -7 -7 -7 -6 -6 -6 -6 -6 -5 -5 ------- Run | Yrd Mat Min Mat Min Exi Min Mat Fac Low Low Zio Pro Fac Low Low Dat Pro Fac Combat Hostiles Destroyed 141 | . 8 13 20 2 . 13 14 16 3 . . 9 11 4 . . 11 17 Guns 30 | . 8 12 . . . . 10 . . . . . . . . . . . Cannons 79 | . . . 20 2 . 8 2 16 . . . 5 9 1 . . 7 9 AOE 23 | . . . . . . 4 . . 3 . . 3 1 3 . . 3 6 Classes Destroyed 16 | . 2 3 1 1 . . 1 4 . . . 1 . 1 . . 1 1 Worker 4 | . . . . . . . . 1 . . . . . . . . . 3 Builder 1 | . . 1 . . . . . . . . . . . . . . . . Tunneler 1 | . . . . . . . . . . . . . . . . . . 1 Recycler 2 | . . . . . . . . 1 . . . . . . . . . 1 Operator 2 | . 1 . . . . . 1 . . . . . . . . . . . Drone 2 | . . . . . . . . . . . . . . . . . 2 . Watcher 6 | . . . . . . . 1 . . . . . 3 . . . . 2 Swarmer 31 | . . 1 6 . . 7 . . 3 . . 4 . 4 . . 1 5 Grunt 55 | . 8 . 9 1 . 6 11 7 . . . . 5 . . . 5 3 Brawler 1 | . . . . . . . . . . . . 1 . . . . . . Duelist 6 | . . . . 1 . . 1 3 . . . . 1 . . . . . Sentry 17 | . . . 5 . . . 2 3 . . . 2 2 . . . 1 2 Hunter 11 | . . . . . . . . 1 . . . 2 1 . . . 2 5 Programmer 6 | . . . . . . . . 2 . . . . 2 . . . . 2 Decomposer 6 | . . . . . . . . . . 3 . . . . 3 . . . Packrat 1 | . . . . . . . . . . . . . . 1 . . . . Samaritan 4 | . . . . . . . . . . . . . . 1 . . 3 . Assembled 12 | . . 12 . . . . . . . . . . . . . . . . Best Kill Streak 10 | . 3 4 5 2 . 4 4 4 3 . . 3 5 4 . . 4 10 Combat Bots Only 8 | . 3 4 5 2 . 4 4 3 3 . . 3 5 4 . . 4 8 Max Kills in Single Turn 3 | . 1 1 1 1 . 2 1 2 2 1 . 1 1 1 2 . 2 3 Gunslinging . | . . . . . . . . . . . . . . . . . . . Exploded 2 | . . . . . . 2 . . 2 . . 1 1 1 . . 1 2 Melee . | . . . . . . . . . . . . . . . . . . . Uniques/NPCs Destroyed . | . . . . . . . . . . . . . . . . . . . Combat | -11 -10 -10 -9 -9 -9 -8 -8 -7 -7 -7 -7 -6 -6 -6 -6 -6 -5 -5 -------- Run | Yrd Mat Min Mat Min Exi Min Mat Fac Low Low Zio Pro Fac Low Low Dat Pro Fac Hostile Shots Fired 1183 | . 44 33 86 7 . 49 95 198 5 . . 140 94 13 . . 76 343 Missed 367 | . 10 12 21 . . 12 28 66 2 . . 53 39 4 . . 20 100 Hits 816 | . 34 21 65 7 . 37 67 132 3 . . 87 55 9 . . 56 243 Melee 11 | . . 2 . 2 . . 2 2 . . . 1 2 . . . . . Projectile 805 | . 34 19 65 5 . 37 65 130 3 . . 86 53 9 . . 56 243 AOE 1 | . . . . . . . . . . . . . . . . . . 1 Critical Strikes 30 | . 1 . 1 1 . . 8 3 . . . . 4 . . . 3 9 Damage Taken 10713 | . 442 311 754 122 . 550 1110 1366 64 20 . 387 742 134 . . 759 3952 Core 1771 | . 112 35 90 10 . 98 135 112 . 10 . 31 6 13 . . 109 1010 Absorbed by Shields 338 | . . . . . . . . 8 12 . . 286 32 . . . . . Redirected to Shielding 31 | . . . . . . . 31 . . . . . . . . . . . Ignored by Resistances 715 | . . . . . . . . . 15 . . 174 . . . . 244 282 Regen/Repaired (Parts) 516 | . . . 11 . . . . . . . 505 . . . . . . . Core Remaining (%) 71 | 100 . 41 . . . 50 75 . . . . 78 . . . . 84 . Volleys Fired 532 | . 41 33 47 5 . 31 61 66 7 5 . 26 87 11 7 . 30 75 Largest 2 | . 2 2 2 2 . 2 2 2 1 2 . 2 2 2 2 . 2 2 Hottest 196 | . 60 85 143 143 . 143 143 129 80 140 . 149 196 196 196 . 196 196 Shots Fired 889 | . 82 66 88 10 . 60 122 127 7 8 . 34 117 15 11 . 56 86 Gun 230 | . 82 66 . . . . 82 . . . . . . . . . . . Cannon 618 | . . . 88 10 . 58 40 126 1 6 . 26 117 9 8 . 52 77 Launcher 36 | . . . . . . 2 . 1 6 2 . 3 . 6 3 . 4 9 Special 5 | . . . . . . . . . . . . 5 . . . . . . Kinetic 120 | . 41 33 . . . . 46 . . . . . . . . . . . Thermal 683 | . 41 33 88 10 . 58 76 125 1 6 . 12 113 9 8 . 52 51 Explosive 41 | . . . . . . 2 . 1 6 2 . 8 . 6 3 . 4 9 Electromagnetic 45 | . . . . . . . . 1 . . . 14 4 . . . . 26 Robot Hit Streak 29 | . 14 6 15 8 . 5 26 29 1 3 . 19 19 7 10 . 7 10 Robot Miss Streak 5 | . 2 5 4 1 . 5 3 3 1 1 . 1 4 . 2 . 5 3 Penetration Max . | . . . . . . . . . . . . . . . . . . . Secondary Targets 3 | . . 2 . . . . 1 . . . . . . . . . . . Max Gunslinging Chain 1 | . . 1 . . . . 1 . . . . . . . . . . . Shots Hit Robots 516 | . 56 35 48 7 . 32 89 82 2 4 . 27 48 6 5 . 29 46 Core Hits 278 | . 22 24 22 3 . 17 29 37 6 2 . 13 22 10 1 . 25 45 Critical Kills 9 | . 1 . . . . 1 2 . . . . 1 . 1 . . 1 2 Critical Parts Destroyed 1 | . . . . . . . 1 . . . . . . . . . . . Critical Strikes 14 | . 1 1 . . . 1 6 . . . . 1 . 1 . . 1 2 Burn 4 | . . 1 . . . . 3 . . . . . . . . . . . Meltdown 7 | . . . . . . 1 1 . . . . 1 . 1 . . 1 2 Destroy 3 | . 1 . . . . . 2 . . . . . . . . . . . Melee Attacks . | . . . . . . . . . . . . . . . . . . . Impact . | . . . . . . . . . . . . . . . . . . . Slashing . | . . . . . . . . . . . . . . . . . . . Piercing . | . . . . . . . . . . . . . . . . . . . Sneak Attacks . | . . . . . . . . . . . . . . . . . . . Combat Hostiles . | . . . . . . . . . . . . . . . . . . . Follow-up Attacks . | . . . . . . . . . . . . . . . . . . . Damage Inflicted 15383 | . 539 419 1220 161 . 1053 1861 2126 216 99 . 1317 1719 483 220 . 1458 2492 Guns 2342 | . 539 419 . . . . 1384 . . . . . . . . . . . Cannons 9882 | . . . 1220 161 . 757 477 2076 . 99 . 515 1552 206 220 . 1127 1472 Explosions 3040 | . . . . . . 296 . 50 216 . . 705 158 277 . . 331 1007 Melee . | . . . . . . . . . . . . . . . . . . . Ramming 22 | . . . . . . . . . . . . . 9 . . . . 13 Kinetic 1137 | . 203 134 . . . . 800 . . . . . . . . . . . Thermal 10428 | . 336 285 1220 161 . 757 1061 2076 . 99 . 216 1710 206 220 . 1127 954 Explosive 2577 | . . . . . . 296 . 50 216 . . 705 . 277 . . 331 702 Electromagnetic 1122 | . . . . . . . . . . . . 299 . . . . . 823 Impact . | . . . . . . . . . . . . . . . . . . . Slashing 97 | . . . . . . . . . . . . 97 . . . . . . Piercing . | . . . . . . . . . . . . . . . . . . . Highest Corruption 2 | . . . . . . . . 2 2 2 2 . 1 1 . . . 2 Average Corruption 1 | . . . . . . . . 1 2 2 2 . 1 1 . . . 1 Corruption Purged 1 | . . . . . . . . . . . . . . 1 . . . . Corruption Blocked . | . . . . . . . . . . . . . . . . . . . Effects 34 | . . . . . . . . 8 7 12 . . 4 3 . . . . Message Errors 15 | . . . . . . . . 5 2 5 . . 1 2 . . . . Matter Fused 3 | . . . . . . . . . 1 1 . . 1 . . . . . Heat Flow Errors 2 | . . . . . . . . . 1 1 . . . . . . . . Energy Discharges 1 | . . . . . . . . 1 . . . . . . . . . . Parts Rejected 1 | . . . . . . . . . . . . . 1 . . . . . Data Loss (minor) 9 | . . . . . . . . 1 3 4 . . . 1 . . . . Misfires 1 | . . . . . . . . 1 . . . . . . . . . . Alerts 1 | . . . . . . . . . . 1 . . . . . . . . Weapon Failures 1 | . . . . . . . . . . . . . 1 . . . . . Overload Shots . | . . . . . . . . . . . . . . . . . . . Overflow Damage 345 | . . . 7 . . 37 11 . . 26 . 60 39 . 93 . 13 59 Projectiles 247 | . . . 7 . . 28 11 . . 26 . 8 2 . 93 . 13 59 Explosions 98 | . . . . . . 9 . . . . . 52 37 . . . . . Melee . | . . . . . . . . . . . . . . . . . . . Knockbacks . | . . . . . . . . . . . . . . . . . . . Impact . | . . . . . . . . . . . . . . . . . . . Kinetic . | . . . . . . . . . . . . . . . . . . . Secondary . | . . . . . . . . . . . . . . . . . . . Self-Inflicted Damage 368 | . . . . . . 89 . 39 47 21 . 38 59 . . . . 75 Shots 12 | . . . . . . 2 . 1 2 1 . 3 1 . . . . 2 Rammed 5 | . . . . . . . . . . . . . 1 . . . . 4 Targets Rammed 5 | . . . . . . . . . . . . . 1 . . . . 4 Kicked . | . . . . . . . . . . . . . . . . . . . Crushed . | . . . . . . . . . . . . . . . . . . . Highest Temperature 333 | . 103 48 333 39 . 168 126 76 155 123 261 223 261 . . . 293 188 Average Temperature 70 | . 39 20 104 22 . 72 55 12 83 28 142 95 65 . . . 63 98 Received Heat Transfer 2504 | . 258 20 297 30 . 180 504 444 . . . 84 233 . . . 217 237 Effects 3 | . . . . . . . . . . . . . 3 . . . . . Interference 3 | . . . . . . . . . . . . . 3 . . . . . Siege Activations . | . . . . . . . . . . . . . . . . . . . Martial Activations . | . . . . . . . . . . . . . . . . . . . Shielding Activations . | . . . . . . . . . . . . . . . . . . . Robots Disrupted . | . . . . . . . . . . . . . . . . . . . Combat Hostiles . | . . . . . . . . . . . . . . . . . . . Robots Corrupted 1 | . . . . . . . . . . . . . . . . . . 1 Combat Hostiles 1 | . . . . . . . . . . . . . . . . . . 1 Parts Fried 7 | . . . . . . . . . . . . 1 . . . . . 6 Impact Corruptions . | . . . . . . . . . . . . . . . . . . . Robots Melted 11 | . . 1 . . . 1 2 . . . . 1 1 1 . . 2 2 Combat Hostiles 8 | . . 1 . . . 1 2 . . . . 1 1 . . . 1 1 Parts Melted 48 | . . . 3 . . 4 8 10 . . . . 7 1 . . 6 9 Heat Transferred 16633 | . 750 707 1924 259 . 1184 1998 3256 . 187 . 398 2509 300 300 . 1500 1361 Parts Sabotaged . | . . . . . . . . . . . . . . . . . . . Parts Stolen . | . . . . . . . . . . . . . . . . . . . Parts Stripped . | . . . . . . . . . . . . . . . . . . . Power Chain Reactions 1 | . . . . . . . . . . . . . . . . . . 1 Alert | -11 -10 -10 -9 -9 -9 -8 -8 -7 -7 -7 -7 -6 -6 -6 -6 -6 -5 -5 ------- Run | Yrd Mat Min Mat Min Exi Min Mat Fac Low Low Zio Pro Fac Low Low Dat Pro Fac Maximum Alert Level 1 | . . . . . . . . . . . . . 1 . . . . 1 Low Security (%) 94 | 100 100 100 100 100 . 100 100 100 . . . . 77 . . . . 96 Level 1 5 | . . . . . . . . . . . . . 22 . . . . 3 Level 2 . | . . . . . . . . . . . . . . . . . . . Level 3 . | . . . . . . . . . . . . . . . . . . . Level 4 . | . . . . . . . . . . . . . . . . . . . Level 5 . | . . . . . . . . . . . . . . . . . . . High Security . | . . . . . . . . . . . . . . . . . . . Max Security . | . . . . . . . . . . . . . . . . . . . Peak Influence 255 | . 69 26 149 98 . 141 115 108 . . . . 219 . . . . 255 Initial 150 | . . . 9 46 . . 39 36 . . . . 31 . . . . 150 Average 51 | . 17 . 71 26 . 40 36 42 . . . . 85 . . . . 84 Influence Increases 4107 | . 261 47 605 52 . 328 434 512 70 . . 200 482 90 . . 225 801 Destroy 0b10 Robot/C 2580 | . 160 40 420 40 . 260 280 320 60 . . 180 220 80 . . 180 340 Destroy 0b10 Robot/NC 90 | . 5 5 . . . . 10 10 . . . . 15 . . . 10 35 Destroy Leader 562 | . 40 . 80 10 . 40 62 100 10 . . 20 76 10 . . 20 94 Allied During Kill 4 | . . 2 2 . . . . . . . . . . . . . . . Successful Hack 100 | . 26 . 23 . . . 13 13 . . . . 19 . . . . 6 Disable Machine 195 | . . . 30 . . . . 30 . . . . 75 . . . . 60 Destroy Structure 261 | . . . 20 2 . 28 9 9 . . . . 77 . . . . 116 Advance Influence 150 | . . . . . . . . . . . . . . . . . . 150 Partial Spotted 15 | . . . 15 . . . . . . . . . . . . . . . Lose Combat Pursuer 150 | . 30 . 15 . . . 60 30 . . . . . . . . 15 . Influence Decreases 3972 | . 261 21 512 171 . 228 453 536 105 22 . 150 335 287 . . 225 666 Entered New Map 316 | . . . 17 73 . . 61 45 22 5 . . 19 74 . . . . Time Decay 3037 | . 251 11 465 98 . 197 306 411 83 17 . 150 254 213 . . 215 366 Lost Part 541 | . 10 10 10 . . 31 70 80 . . . . 20 . . . 10 300 Lost Ally 20 | . . . 20 . . . . . . . . . . . . . . . Purge Threat 58 | . . . . . . . 16 . . . . . 42 . . . . . Squads Dispatched 20 | . 2 . . . . . 1 4 . . . . 7 . . . . 6 Investigation 5 | . 1 . . . . . . 2 . . . . 2 . . . . . Extermination 8 | . . . . . . . . 2 . . . . 4 . . . . 2 Reinforcement 7 | . 1 . . . . . 1 . . . . . 1 . . . . 4 Assault . | . . . . . . . . . . . . . . . . . . . Garrison . | . . . . . . . . . . . . . . . . . . . Intercept . | . . . . . . . . . . . . . . . . . . . Searches Triggered . | . . . . . . . . . . . . . . . . . . . Construction Impeded 2 | . . . . . . . . . . . . . 1 . . . . 1 Haulers Reinforced 1 | . . . . . . . . . . . . . . . . . . 1 Active Scanning Responses . | . . . . . . . . . . . . . . . . . . . Cargo Convoy Interrupts . | . . . . . . . . . . . . . . . . . . . Stealth | -11 -10 -10 -9 -9 -9 -8 -8 -7 -7 -7 -7 -6 -6 -6 -6 -6 -5 -5 --------- Run | Yrd Mat Min Mat Min Exi Min Mat Fac Low Low Zio Pro Fac Low Low Dat Pro Fac Distress Signals 15 | . 1 . 5 . . . 2 2 . . . . . . . . 1 4 Communications Jammed . | . . . . . . . . . . . . . . . . . . . Distress Signals . | . . . . . . . . . . . . . . . . . . . Times Spotted 207 | . 14 15 37 2 . 13 23 18 3 . . 11 16 4 . . 14 37 Peak Tracking Total 13 | . 3 4 7 2 . 4 6 4 3 . . 5 4 4 . . 5 13 Tactical Retreats 11 | . 2 1 1 . . . 4 2 . . . . . . . . 1 . Traps | -11 -10 -10 -9 -9 -9 -8 -8 -7 -7 -7 -7 -6 -6 -6 -6 -6 -5 -5 ------- Run | Yrd Mat Min Mat Min Exi Min Mat Fac Low Low Zio Pro Fac Low Low Dat Pro Fac Traps Triggered 2 | . 1 . . . . . . 1 . . . . . . . . . . Indirectly . | . . . . . . . . . . . . . . . . . . . Trap Hack Attempts . | . . . . . . . . . . . . . . . . . . . Triggered . | . . . . . . . . . . . . . . . . . . . Disarmed . | . . . . . . . . . . . . . . . . . . . Reprogrammed . | . . . . . . . . . . . . . . . . . . . Reused . | . . . . . . . . . . . . . . . . . . . Traps Extracted . | . . . . . . . . . . . . . . . . . . . Installed . | . . . . . . . . . . . . . . . . . . . Triggered . | . . . . . . . . . . . . . . . . . . . Machines | -11 -10 -10 -9 -9 -9 -8 -8 -7 -7 -7 -7 -6 -6 -6 -6 -6 -5 -5 ---------- Run | Yrd Mat Min Mat Min Exi Min Mat Fac Low Low Zio Pro Fac Low Low Dat Pro Fac Machines Disabled 13 | . . . 2 . . . . 2 . . . . 5 . . . . 4 Max in Single Turn 5 | . . . 1 . . . . 1 . . . . 5 . . . . 4 Garrison Access 1 | . . . . . . . . . . . . . 1 . . . . . Machines Repaired . | . . . . . . . . . . . . . . . . . . . Machines Dismantled . | . . . . . . . . . . . . . . . . . . . Machines Sabotaged . | . . . . . . . . . . . . . . . . . . . Overloaded Fab Kills . | . . . . . . . . . . . . . . . . . . . Hacking | -11 -10 -10 -9 -9 -9 -8 -8 -7 -7 -7 -7 -6 -6 -6 -6 -6 -5 -5 --------- Run | Yrd Mat Min Mat Min Exi Min Mat Fac Low Low Zio Pro Fac Low Low Dat Pro Fac Machines Accessed 48 | . 4 1 9 . 1 . 4 6 . . . . 15 1 . 4 . 3 Terminals 32 | . 4 . 7 . . . 3 4 . . . . 11 . . . . 3 Fabricators 4 | . . . . . . . . 2 . . . . 2 . . . . . Repair Stations 1 | . . . 1 . . . . . . . . . . . . . . . Recycling Units . | . . . . . . . . . . . . . . . . . . . Scanalyzers 3 | . . . 1 . . . 1 . . . . . 1 . . . . . Garrison Access 1 | . . . . . . . . . . . . . 1 . . . . . Total Hacks 151 | . 11 1 30 . 6 . 10 12 . . . . 35 1 . 31 . 14 Successful 92 | . 6 1 10 . 6 . 7 7 . . . . 17 1 . 31 . 6 Failed 58 | . 5 . 20 . . . 2 5 . . . . 18 . . . . 8 Catastrophic 13 | . 1 . 2 . . . . 1 . . . . 7 . . . . 2 Database Lockouts 1 | . . . . . . . 1 . . . . . . . . . . . Manual 85 | . 11 . 24 . . . 5 9 . . . . 27 . . . . 9 Terminals 91 | . 11 . 24 . . . 6 8 . . . . 28 . . . . 14 Fabricators 8 | . . . . . . . . 4 . . . . 4 . . . . . Repair Stations 2 | . . . 2 . . . . . . . . . . . . . . . Recycling Units . | . . . . . . . . . . . . . . . . . . . Scanalyzers 10 | . . . 4 . . . 4 . . . . . 2 . . . . . Garrison Access 1 | . . . . . . . . . . . . . 1 . . . . . Terminal Hacks 58 | . 3 1 2 . 6 . 3 . . . . . 6 1 . 31 . 5 Record 17 | . . . . . 6 . . . . . . . . . . 11 . . Part Schematic 12 | . . . . . . . . . . . . . . . . 12 . . Robot Schematic 5 | . . . . . . . . . . . . . . . . 5 . . Robot Analysis 3 | . 3 . . . . . . . . . . . . . . . . . Prototype ID Bank 3 | . . . . . . . . . . . . . . . . 3 . . Open Door 2 | . . 1 . . . . . . . . . . . 1 . . . . Branch Access Points 2 | . . . . . . . 1 . . . . . . . . . . 1 Terminal Index 2 | . . . . . . . . . . . . . 1 . . . . 1 Fabricator Index 2 | . . . . . . . . . . . . . 1 . . . . 1 Repair Station Index 1 | . . . 1 . . . . . . . . . . . . . . . Scanalyzer Index 1 | . . . 1 . . . . . . . . . . . . . . . Alert Level 3 | . . . . . . . 1 . . . . . 1 . . . . 1 Unreport Threat 2 | . . . . . . . 1 . . . . . 1 . . . . . Locate Traps 1 | . . . . . . . . . . . . . . . . . . 1 Recall Investigation 1 | . . . . . . . . . . . . . 1 . . . . . Recall Extermination 1 | . . . . . . . . . . . . . 1 . . . . . Fabricator Hacks 6 | . . . . . . . . 3 . . . . 3 . . . . . Load Schematic 4 | . . . . . . . . 2 . . . . 2 . . . . . Build 2 | . . . . . . . . 1 . . . . 1 . . . . . Repair Station Hacks 2 | . . . 2 . . . . . . . . . . . . . . . Scan Component 1 | . . . 1 . . . . . . . . . . . . . . . Repair 1 | . . . 1 . . . . . . . . . . . . . . . Recycling Unit Hacks . | . . . . . . . . . . . . . . . . . . . Scanalyzer 7 | . . . 3 . . . 2 . . . . . 2 . . . . . Insert Component 1 | . . . 1 . . . . . . . . . . . . . . . Analyze 1 | . . . 1 . . . . . . . . . . . . . . . Retrieve Study 5 | . . . 1 . . . 2 . . . . . 2 . . . . . Garrison Access Hacks 1 | . . . . . . . . . . . . . 1 . . . . . Seal Access 1 | . . . . . . . . . . . . . 1 . . . . . Unauthorized Hacks 18 | . 3 . 3 . . . 2 4 . . . . 5 . . . . 1 Terminals 16 | . 3 . 3 . . . 2 3 . . . . 4 . . . . 1 Assimilate 1 | . . . . . . . . . . . . . 1 . . . . . Botnet 15 | . 3 . 3 . . . 2 3 . . . . 3 . . . . 1 Fabricators 2 | . . . . . . . . 1 . . . . 1 . . . . . Recompile 2 | . . . . . . . . 1 . . . . 1 . . . . . Repair Stations . | . . . . . . . . . . . . . . . . . . . Recycling Units . | . . . . . . . . . . . . . . . . . . . Scanalyzers . | . . . . . . . . . . . . . . . . . . . Garrison Access . | . . . . . . . . . . . . . . . . . . . Data Cores Recovered 1 | . . . . . . . 1 . . . . . . . . . . . Used . | . . . . . . . . . . . . . . . . . . . Hacking Detections 33 | . 4 . 8 . . . 2 4 . . . . 12 . . . . 3 Full Trace Events 2 | . 1 . . . . . . . . . . . 1 . . . . . Feedback Events . | . . . . . . . . . . . . . . . . . . . Feedback Blocked . | . . . . . . . . . . . . . . . . . . . Robot Schematics Acquired 8 | . . . . . . . . . . . 3 . . . . 5 . . Robots Built . | . . . . . . . . . . . . . . . . . . . Authchips . | . . . . . . . . . . . . . . . . . . . Time . | . . . . . . . . . . . . . . . . . . . Total Robot Build Rating . | . . . . . . . . . . . . . . . . . . . Part Schematics Acquired 28 | . . . 1 . . . . . . . 15 . . . . 12 . . Parts Built 3 | . . . . . . . . 1 . . . . 2 . . . . . Authchips 1 | . . . . . . . . 1 . . . . . . . . . . Time 208 | . . . . . . . . 102 . . . . 106 . . . . . Total Part Build Rating 20 | . . . . . . . . 8 . . . . 12 . . . . . Part Studies Acquired 5 | . . . 1 . . . 2 . . . . . 2 . . . . . Parts Repaired 1 | . . . 1 . . . . . . . . . . . . . . . Time 136 | . . . 136 . . . . . . . . . . . . . . . Parts Recycled . | . . . . . . . . . . . . . . . . . . . Recycled Matter . | . . . . . . . . . . . . . . . . . . . Retrieved Matter . | . . . . . . . . . . . . . . . . . . . Retrieved Components . | . . . . . . . . . . . . . . . . . . . Parts Scanalyzed 1 | . . . 1 . . . . . . . . . . . . . . . Part Schematics Acquired 1 | . . . 1 . . . . . . . . . . . . . . . Parts Damaged 1 | . . . 1 . . . . . . . . . . . . . . . Bothacking | -11 -10 -10 -9 -9 -9 -8 -8 -7 -7 -7 -7 -6 -6 -6 -6 -6 -5 -5 ------------ Run | Yrd Mat Min Mat Min Exi Min Mat Fac Low Low Zio Pro Fac Low Low Dat Pro Fac Used RIF Installer . | . . . . . . . . . . . . . . . . . . . Robots Hacked . | . . . . . . . . . . . . . . . . . . . Non-combat . | . . . . . . . . . . . . . . . . . . . Combat . | . . . . . . . . . . . . . . . . . . . Robot Hacks Applied . | . . . . . . . . . . . . . . . . . . . Relay Couplers Released . | . . . . . . . . . . . . . . . . . . . Fabnet Peak Effective % . | . . . . . . . . . . . . . . . . . . . Robots Rewired . | . . . . . . . . . . . . . . . . . . . Allies Hacked . | . . . . . . . . . . . . . . . . . . . Hacks Repelled . | . . . . . . . . . . . . . . . . . . . Allies | -11 -10 -10 -9 -9 -9 -8 -8 -7 -7 -7 -7 -6 -6 -6 -6 -6 -5 -5 -------- Run | Yrd Mat Min Mat Min Exi Min Mat Fac Low Low Zio Pro Fac Low Low Dat Pro Fac Total Allies 1 | . . 1 . . . . . . . . . . . . . . . . Largest Group 1 | . . 1 1 . . . . . . . . . . . . . . . Highest-Rated Group 31 | . . 31 31 . . . . . . . . . . . . . . . Highest-Rated Ally 31 | . . 31 31 . . . . . . . . . . . . . . . Total Orders . | . . . . . . . . . . . . . . . . . . . Ally Attacks 11 | . . 5 6 . . . . . . . . . . . . . . . Total Damage 125 | . . 63 62 . . . . . . . . . . . . . . . Kills 2 | . . 1 1 . . . . . . . . . . . . . . . Allies Corrupted . | . . . . . . . . . . . . . . . . . . . Allies Melted . | . . . . . . . . . . . . . . . . . . . Intel | -11 -10 -10 -9 -9 -9 -8 -8 -7 -7 -7 -7 -6 -6 -6 -6 -6 -5 -5 ------- Run | Yrd Mat Min Mat Min Exi Min Mat Fac Low Low Zio Pro Fac Low Low Dat Pro Fac Active Infowar (turns) 10032 | . . 2 . . . . . 637 595 742 1237 816 2190 1021 551 . 1222 1019 Sensors 9976 | . . 2 . . . . . 620 595 742 1237 816 2159 1021 551 . 1222 1011 Traps 1490 | . . . . . . . . 331 . . . . 1159 . . . . . Decoding 8 | . . . . . . . . . . . . . . . . . . 8 Robot Analysis Total 3 | . 3 . . . . . . . . . . . . . . . . . Derelict Logs Recovered 9 | . . 1 . 1 . . . . 2 1 1 1 . 1 . . 1 . Drone Launches . | . . . . . . . . . . . . . . . . . . . Drone Recoveries . | . . . . . . . . . . . . . . . . . . . Exploration | -11 -10 -10 -9 -9 -9 -8 -8 -7 -7 -7 -7 -6 -6 -6 -6 -6 -5 -5 ------------- Run | Yrd Mat Min Mat Min Exi Min Mat Fac Low Low Zio Pro Fac Low Low Dat Pro Fac Turns Passed 17529 | 84 792 1177 1362 386 311 948 977 1478 644 745 1265 904 2281 1022 586 128 1312 1127 Spaces Moved 9110 | 40 357 732 461 155 132 359 381 581 462 501 860 563 1255 631 371 85 685 499 Core 39 | 3 . . . . . . . . . . . . . . . . . 36 Treads 2206 | 37 357 53 285 155 132 359 381 442 . . . . . . . . . 5 Legs . | . . . . . . . . . . . . . . . . . . . Wheels 6865 | . . 679 176 . . . . 139 462 501 860 563 1255 631 371 85 685 458 Hover . | . . . . . . . . . . . . . . . . . . . Flight . | . . . . . . . . . . . . . . . . . . . Fastest Speed 50 | 50 160 110 140 237 237 225 185 130 130 145 130 145 135 150 150 150 165 50 Average Speed 162 | 153 181 140 210 237 237 232 191 186 130 145 143 145 137 150 150 150 172 165 Slowest Speed 320 | 160 240 240 237 237 237 237 225 280 145 145 145 160 165 150 150 150 295 320 Overloaded Moves . | . . . . . . . . . . . . . . . . . . . Propulsion Burnouts . | . . . . . . . . . . . . . . . . . . . Robots Hopped . | . . . . . . . . . . . . . . . . . . . Potential Cave-ins . | . . . . . . . . . . . . . . . . . . . Cave-ins Triggered . | . . . . . . . . . . . . . . . . . . . Exploration Rate (%) 55 | 3 60 97 49 40 48 75 37 15 66 70 83 74 37 80 61 70 71 13 Regions Visited 18 Branch Regions 12 Pre-discovered Areas 5 | . . . . . 1 . . . 1 . 1 . . 1 . 1 . . Known Exits Taken 12 | . . . 1 1 . . . 1 1 1 1 1 1 1 1 1 1 . Unknown Exits Taken 6 | 1 1 1 . . 1 1 1 . . . . . . . . . . . Scrap Searched 25 | . . 1 . . . 2 . . 2 2 3 3 . 8 2 . 2 . Spaces Dug 69 | . . . 6 . . . . . . . . . 48 1 . . . 14 Terrain Destroyed 433 | . . . 20 2 . 43 6 8 45 21 . 62 85 23 15 . 33 70 Melee . | . . . . . . . . . . . . . . . . . . . Projectile 148 | . . . 20 2 . 15 6 . . . . 2 60 2 2 . 20 19 AOE 285 | . . . . . . 28 . 8 45 21 . 60 25 21 13 . 13 51 Terrain Rammed . | . . . . . . . . . . . . . . . . . . . Walls Destroyed . | . . . . . . . . . . . . . . . . . . . Machines Disabled . | . . . . . . . . . . . . . . . . . . . Actions | -11 -10 -10 -9 -9 -9 -8 -8 -7 -7 -7 -7 -6 -6 -6 -6 -6 -5 -5 --------- Run | Yrd Mat Min Mat Min Exi Min Mat Fac Low Low Zio Pro Fac Low Low Dat Pro Fac Total 10996 | 60 428 823 766 164 131 414 520 867 489 510 891 609 1684 697 389 85 756 713 Wait 924 | 12 22 43 226 3 . 14 28 139 . 1 . 3 282 30 3 . 27 91 Move 9092 | 39 356 731 460 154 131 358 380 580 461 500 859 562 1254 630 370 84 684 499 Hop . | . . . . . . . . . . . . . . . . . . . Pick Up 108 | 3 5 6 15 1 . 1 17 17 2 1 3 1 14 10 2 . 2 8 Fast Attach 51 | 6 2 2 4 1 . 1 8 7 3 . 7 . 2 2 1 . . 5 Attach 64 | . . 6 3 . . 4 6 14 2 . 1 1 5 2 . . 4 16 Detach 15 | . . 1 4 . . 1 . 7 1 . . . . . . . . 1 Swap 113 | . 1 . 1 . . 3 5 17 11 3 6 15 25 5 3 1 9 8 Drop 87 | . 1 1 6 . . 1 15 20 2 . 10 1 14 7 3 . . 6 Fire 532 | . 41 33 47 5 . 31 61 66 7 5 . 26 87 11 7 . 30 75 Melee . | . . . . . . . . . . . . . . . . . . . Ram 5 | . . . . . . . . . . . . . 1 . . . . 4 Kick . | . . . . . . . . . . . . . . . . . . . Crush . | . . . . . . . . . . . . . . . . . . . Escape Stasis . | . . . . . . . . . . . . . . . . . . . Rewire 5 | . . . . . . . . . . . 5 . . . . . . . Trap . | . . . . . . . . . . . . . . . . . . . Miscellaneous . | . . . . . . . . . . . . . . . . . . . Route ------- -11/Scrapyard -10/Materials (discovered 2 exits: *Mat / *Min) -10/Mines (discovered 2 exits: *Mat x2) -9/Materials (discovered 4 exits: *Mat x2 / *Min x2) -9/Mines (discovered 2 exits: *Mat / *Exi) -9/Exiles -8/Mines (discovered 2 exits: *Mat x2) -8/Materials -7/Factory -7/Lower Caves -7/Lower Caves (discovered 2 exits: *Fac / *Zio) -7/Zion -6/Proximity Caves -6/Factory (discovered 3 exits: *Fac x2 / *Low) -6/Lower Caves -6/Lower Caves (discovered 2 exits: *Fac / *Dat) -6/Data Miner -5/Proximity Caves -5/Factory (discovered 4 exits: Upp x2 / Ext x2) History --------- Turn | Location | Event 30 | -11/Scrapyard | Discovered new exit (range 16) 85 | -11/Scrapyard | Entered Materials 315 | -10/Materials | Build established: Mutant 441 | -10/Materials | Discovered new exit (range 9) 511 | -10/Materials | Discovered new exit (range 16) 877 | -10/Materials | Entered Mines 878 | -10/Mines | Assembled infested the area 883 | -10/Mines | Assisted by a Guerilla fighting off Assembled 1182 | -10/Mines | Discovered new exit (range 7) 1311 | -10/Mines | Core integrity fell below 50% 1475 | -10/Mines | Lost 3 parts (1p1n1w) 1531 | -10/Mines | Found a damaged Exp. Sensor Array with a note attached 1533 | -10/Mines | Found Prototype Device 1533 | -10/Mines | Identified Exp. Sensor Array 1724 | -10/Mines | Met a Derelict who couldn't figure out how to use a Trap Extractor 2022 | -10/Mines | Received a Mining Laser from a helpful Derelict 2043 | -10/Mines | Discovered new exit (range 7) 2054 | -10/Mines | Entered Materials 2054 | -9/Materials | Accompanied by 1 ally 2054 | -9/Materials | Evolved 2 slots: Utility x2 2055 | -9/Materials | Identified exit to Mines 2345 | -9/Materials | Discovered new exit (range 16) 2960 | -9/Materials | Discovered new exit (range 15) 3179 | -9/Materials | Repaired Broken Exp. Sensor Array 3416 | -9/Materials | Entered Mines 3726 | -9/Mines | Identified exit to Exiles 3726 | -9/Mines | Discovered new exit (range 7) 3790 | -9/Mines | Deemed a non-threat by the Exiles lab entrance 3802 | -9/Mines | Entered Exiles 3859 | -9/Exiles | Met 8R-AWN 3902 | -9/Exiles | Met EX-HEX 3994 | -9/Exiles | Met EX-DEC 4004 | -9/Exiles | Learned location of Zion (-7) 4077 | -9/Exiles | Discovered new exit (range 14) 4113 | -9/Exiles | Entered Mines 4161 | -8/Mines | Discovered new exit (range 10) 5048 | -8/Mines | Discovered new exit (range 6) 5061 | -8/Mines | Entered Materials 5061 | -8/Materials | Evolved 2 slots: Utility x2 5077 | -8/Materials | Central database locked down 5294 | -8/Materials | Lost 6 parts (1p2n2u1w) 5465 | -8/Materials | Build established: Scavenger-Mutant 5941 | -8/Materials | Discovered new exit (range 12) 6038 | -8/Materials | Entered Factory 6038 | -7/Factory | Evolved 2 slots: Utility x2 7332 | -7/Factory | Fabricated Exp. Sensor Array? 7403 | -7/Factory | Lost 4 parts (2n1u1w) 7462 | -7/Factory | Discovered new exit (range 16) 7512 | -7/Factory | Identified exit to Lower Caves 7516 | -7/Factory | Entered Lower Caves 7779 | -7/Lower Caves | Build established: Mutant 7858 | -7/Lower Caves | Learned Factory terminal intel 7902 | -7/Lower Caves | Learned location of Extension (-5) 8081 | -7/Lower Caves | Discovered new exit (range 13) 8098 | -7/Lower Caves | Identified exit to Lower Caves 8145 | -7/Lower Caves | Found Alien Artifact 8145 | -7/Lower Caves | Identified Core Expander 8145 | -7/Lower Caves | Installed Core Expander, added new Power slot 8160 | -7/Lower Caves | Entered another Lower Caves area 8312 | -7/Lower Caves | Acquired the password to a Derelict Tinkerer's latest research 8385 | -7/Lower Caves | Discovered new exit (range 14) 8456 | -7/Lower Caves | Learned Factory terminal intel 8607 | -7/Lower Caves | Encountered a Warlord checkpoint 8892 | -7/Lower Caves | Discovered new exit (range 10) 8904 | -7/Lower Caves | Identified exit to Zion 8905 | -7/Lower Caves | Entered Zion 8982 | -7/Zion | System corruption cleaned by Quarantine Array 9079 | -7/Zion | Discovered new exit (range 15) 9147 | -7/Zion | Visited the Megawrench Repair Shop 9157 | -7/Zion | Megawrench repaired 9 parts 9280 | -7/Zion | Learned 12 Factory zone layouts 9344 | -7/Zion | Given the Hacking Drone Bay 9586 | -7/Zion | Met Imprinter 9744 | -7/Zion | Given A8's code to call for help 9806 | -7/Zion | Found Prototype Processor 9806 | -7/Zion | Identified Exp. Melee Analysis Suite 9811 | -7/Zion | Found Prototype Processor 9811 | -7/Zion | Identified Exp. Terrain Scan Processor 9816 | -7/Zion | Found Prototype Processor 9816 | -7/Zion | Identified Exp. Targeting Computer 9823 | -7/Zion | Found Prototype Hackware 9856 | -7/Zion | Learned location of Warlord (-4) 9932 | -7/Zion | Found Prototype Special Weapon 9933 | -7/Zion | Identified RU-N14's Throwing Claymores 9938 | -7/Zion | Found RU-N14's Throwing Claymores 10169 | -7/Zion | Identified exit to Proximity Caves 10170 | -7/Zion | Entered Proximity Caves 10184 | -6/Proximity Caves | Learned Factory terminal intel 10967 | -6/Proximity Caves | Attracted the attention of an 0b10 checkpoint 10981 | -6/Proximity Caves | Attracted the attention of an 0b10 base 11036 | -6/Proximity Caves | Discovered new exit (range 13) 11072 | -6/Proximity Caves | Identified exit to Factory 11072 | -6/Proximity Caves | Spotted B-75 Beast 11074 | -6/Proximity Caves | Entered Factory 11074 | -6/Factory | Evolved 2 slots: Utility x2 11075 | -6/Factory | Identified exit to Lower Caves 11076 | -6/Factory | Loaded intel: 26 terminal locations 11083 | -6/Factory | Identified Exp. Hacking Suite 11364 | -6/Factory | Discovered new exit (range 9) 11373 | -6/Factory | Identified exit to Factory 11490 | -6/Factory | Build established: Hacker-Skirmisher 11581 | -6/Factory | Fabricated Adv. Plasma Cannon? 12693 | -6/Factory | Build established: Hacker-Mutant 13203 | -6/Factory | Discovered exit to Factory (range 15) 13355 | -6/Factory | Entered Lower Caves 13559 | -6/Lower Caves | Entered a destroyed Warlord outpost 13958 | -6/Lower Caves | Discovered new exit (range 16) 14374 | -6/Lower Caves | Identified exit to Lower Caves 14377 | -6/Lower Caves | Entered another Lower Caves area 14378 | -6/Lower Caves | Encountered a Warlord checkpoint 14432 | -6/Lower Caves | Discovered exit to Factory (range 15) 14796 | -6/Lower Caves | Found DRS Beacon 14944 | -6/Lower Caves | Discovered new exit (range 13) 14961 | -6/Lower Caves | Identified exit to Data Miner 14963 | -6/Lower Caves | Entered Data Miner 14965 | -6/Data Miner | Discovered new exit (range 6) 14993 | -6/Data Miner | Met Data Miner 15023 | -6/Data Miner | Learned location of Section 7 (-2) 15023 | -6/Data Miner | Acquired the access code to Warlord's prototype stash 15055 | -6/Data Miner | Received God Mode back door access code from Data Miner 15089 | -6/Data Miner | Identified exit to Proximity Caves 15091 | -6/Data Miner | Entered Proximity Caves 15093 | -5/Proximity Caves | Attracted the attention of an 0b10 checkpoint 15218 | -5/Proximity Caves | Spotter reported a threat 16081 | -5/Proximity Caves | Learned Factory terminal intel 16209 | -5/Proximity Caves | Discovered exit to Factory (range 5) 16403 | -5/Proximity Caves | Entered Factory 16403 | -5/Factory | Evolved 2 slots: Propulsion x2 16404 | -5/Factory | Loaded intel: 27 terminal locations 16595 | -5/Factory | Identified exit to Upper Caves 16595 | -5/Factory | Identified exit to Extension 17157 | -5/Factory | Destroyed 8 combat bots 17162 | -5/Factory | Lost 9 parts (1p3n3u2w) 17499 | -5/Factory | Core integrity fell below 50% 17499 | -5/Factory | Released all parts (5) 17512 | -5/Factory | Core integrity fell below 20% 17530 | -5/Factory | Destroyed by P-70 Sage with Tesla Rifle Last Messages --------------- 17512_ R-10 Processor collects Corrupted Lgt. Ion Engine. 17512_ U-05 Engineer lays Concrete. 17512_ Acquired 18 matter. 17512_ U-05 Engineer lays Concrete. 17513_ W-25 Informer sends out distress signal. 17513_ 0b10 Decoder Chip [Scout] destroyed. 17513_ Chain reaction triggered in Imp. Ion Engine. 17514_ U-05 Engineer lays Concrete. 17514_ K-01 Serf collects debris. 17514_ U-05 Engineer lays Concrete. 17516_ R-10 Processor collects Wheel+. 17516_ U-05 Engineer lays Concrete. 17519_ Slammed into Y-64 Sentinel. 17519_ U-05 Engineer lays Concrete. 17520_ Slammed into Y-64 Sentinel. 17521_ Slug penetrates Wall. 17524_ Slammed into A-15 Conveyor. 17528_ Connecting with Terminal... Map ----- +----------------------------------------------------+ | ?????????????????????????????????????????????????? | | ?????????????????????????????????????????????????? | | ?????????????????????????????????????????????????? | | ?????????????????????????????????????????????????? | | ??????????????????????????""?????????????????????? | | ??????????????????????????T"?????????????????????? | | ??????????????????????????""?????????????????????? | | ?????????????????????????????????????????????????? | | ?????????????????????????????????????????????????? | | ????????????????????????????? ????????????????? | | ???????????????????????? #??? ????????????????? | | ???????????????????????? ??? / ????????????????? | | ???????????????????????? ??? #???????????????? | | ???????????????????????+ ??"" #???????????????? | | ???????????????????????# """" #??######???????? | | ???????????????????????# """" #! ???????? | | ???????????????????#???# # ?#?????? | | ???????????????????# ??# """ k # #?????? | | ???????????????????# ### """ ]# """ """ #?????? | | ????????????????#### """ # """ """ #??#### | | ????????????????? # """ """ #??# | | ??????????????????# # ????# | | ??????????????????# ""T"" A#? ??????# | | ??????????????????# """"" #?##+##?????## | | ??????????????????# ### #######" | | ??????????????????+ @ pgu Y A " | | ??????????????????# ###"T"###### #######" | | ??????????????????# ????#"""#????## ##?????#" = | | ??????????????????# ??????#####?????# #??????## = | | ????????????????????????????????????# #???????# | | ????????????????????????????????????# #???????# | | ????????????????????????????????????# #???????# | | ????????????????????????????????????# #??T????#### | | ????????????????????????????????????# | | ????????????????????????????????????? | | ???>??????T"????????????????????????? | | ???????????"????????????????????????? | | ????????????????????????????????????? ?? | | ?????????????????????????????????????#??#######+## | | ?????????????????????????????????????????????????? | | ?????????????????????????????????????????????????? | | ?????????????????????????????????????????????????? | | ?????????????????????????????????????????????????? | | ?????????????????????????????????????????????????? | | ?????????????????????????????????????????????????? | | ?????????????????????????????????????????????????? | | ?????????????????????????????????????????????????? | | ?????????????????????????????????????????????????? | | ?????????????????????????????????????????????????? | | ?????????????????????????????????????????????????? | +----------------------------------------------------+ Best States ------------- Heat Dissipation 98 Energy Generation 33 Energy Capacity 500 Matter Stores 300 Matter Capacity 300 Sight Range 16 Robot Scan Range 20 Terrain Scan Density 10 Armor Coverage 825 Resistance: KI 30 Resistance: TH 25 Power Shielding 66 Propulsion Shielding 66 Weapon Cycling 15 Evasion (%) 50 Targeting Accuracy 8 Core Analysis 6 Recoil Reduction 3 Particle Charging 15 Offensive Hacking 20 Defensive Hacking 12 Authchip Count 1 Item Schematics ----------------- Exp. Sensor Array | -9/Materials | Scanalyzed Imp. Deuterium Engine | -7/Zion | Archive Thermic Laser | -7/Zion | Archive Hvy. Missile Launcher | -7/Zion | Archive Hvy. Pick | -7/Zion | Archive Weapon Cycler | -7/Zion | Archive Adv. Sensor Array | -7/Zion | Archive Coolant Injector | -7/Zion | Archive Mass Driver | -7/Zion | Archive Adv. Plasma Cannon | -7/Zion | Archive Imp. Shield Generator | -7/Zion | Archive Fusion Compressor | -7/Zion | Archive Force Field | -7/Zion | Archive Imp. Melee Analysis Suite | -7/Zion | Archive Med. Treads | -7/Zion | Archive Thermal Shield | -7/Zion | Archive Combat Drone Bay | -6/Data Miner | Free Lgt. Regenerative Plating | -6/Data Miner | Free Enh. Flexi-carbon Leg | -6/Data Miner | Free Prc. Energy Filter | -6/Data Miner | Free Hvy. Proton Cannon | -6/Data Miner | Free Imp. Antigrav System | -6/Data Miner | Free Quantum Capacitor | -6/Data Miner | Free Hyp. Mass Driver | -6/Data Miner | Free Imp. Remote Force Field | -6/Data Miner | Free Dispersion Rifle | -6/Data Miner | Free Adv. Force Field | -6/Data Miner | Free Adv. Weapon Cycler | -6/Data Miner | Free Robot Schematics ------------------ L-41 Fighter | -7/Zion | Archive R-06 Scavenger | -7/Zion | Archive K-01 Serf | -7/Zion | Archive R-10 Processor | -6/Data Miner | Free E-15 Imp | -6/Data Miner | Free H-66 Slayer | -6/Data Miner | Free G-50 Soldier | -6/Data Miner | Free S-27 Virus | -6/Data Miner | Free Fabricated ------------ Exp. Sensor Array | x1 | -7/Factory | Authchip Adv. Plasma Cannon | x2 | -6/Factory Repaired ---------- Exp. Sensor Array | 62% | -9/Materials | Broken Studied --------- Wheel | -9/Materials | Hacked Adv. Treads | -8/Materials | Hacked Lgt. Treads | -8/Materials | Hacked Plasma Cannon | -6/Factory | Hacked Arm. Huge Wheel | -6/Factory | Hacked Alien Tech Used ----------------- Core Expander Achievements -------------- None Challenges ------------ None Game ------ Seed ShockboltArcCharger Manual? 0 Play Time 02:13:59 Cumulative 264.2 hours Start 2026.08.17 @ 17:57:28 End 2026.08.17 @ 20:46:06 Sessions 1 Manual Loads 0 Difficulty Rogue Special Mode None Game No. 257 Rogue 203 Adventurer 54 Explorer 0 Win Type - Total 11 Types 7/0/1/1/0/0/0/1/0/1 Lore% 77 Gallery% 65 Achievement% 60 Wizard Run 0 Options --------- Layout 1 ASCII 0 Keyboard 0 Movement Mouse Keybinds 1 Fullscreen 2 Font 32/Tamsyn Map View 50x35 Zoom Use 0% Tactical HUD 1 Map Filters NONE Filters NONE Steam 1 RUN: ae9ae786-03d5-4b40-a668-ec4c66f67946